 Dungeon Crawl Stone Soup version 0.22-a0-803-gd6d8abe (webtiles) character file.

44 inc the Conjurer (level 3, 0/24 HPs)
             Began as a Demonspawn Wizard on July 22, 2018.
             Succumbed to a kobold's poison
             ... on level 3 of the Dungeon.
             The game lasted 00:04:25 (1530 turns).

inc the Conjurer (Demonspawn Wizard)                Turns: 1530, Time: 00:04:26

Health: 0/24       AC:  3    Str:  7    XL:     3   Next: 41%
Magic:  7/7        EV: 11    Int: 20    God:
Gold:   44         SH:  0    Dex: 11    Spells: 5/8 levels left

rFire    . . .     SeeInvis .   i - +0 short sword (protect)
rCold    . . .     Gourm    .   (no shield)
rNeg     . . .     Faith    .   n - +0 leather armour {rPois}
rPois    +         Spirit   .   b - +0 hat
rElec    .         Reflect  .   (no cloak)
rCorr    .         Harm     .   (no gloves)
MR       .....                  (no boots)
Stlth    +.........             (no amulet)
HPRegen  0.08/turn              r - ring of flight
MPRegen  0.10/turn              p - ring of wizardry

@: lethally poisoned (0 -> -9)
A: demonic guardian 1, spiny 1
a: Evoke Flight


You were on level 3 of the Dungeon.
You were hungry.

You visited 1 branch of the dungeon, and saw 3 of its levels.

You collected 44 gold pieces.

Inventory:

Hand Weapons
 i - a +0 short sword of protection (weapon)
 m - a +0 whip of pain
Armour
 a - a +0 robe
 b - a +0 hat (worn)
 n - a +0 leather armour of poison resistance (worn)
Jewellery
 f - a -2 ring of protection
 l - an uncursed ring of fire
 p - a ring of wizardry (right hand)
 r - a ring of flight (left hand)
Scrolls
 q - a scroll of identify {unknown}
 t - a scroll of noise {unknown}
Potions
 c - a potion of heal wounds {unknown}
 e - 3 potions of degeneration {unknown}
 g - a potion of ambrosia {unknown}
 h - a potion of haste {unknown}
 j - 3 potions of agility {unknown}
 k - a potion of curing {unknown}
 o - a potion of resistance {unknown}
Comestibles
 d - 3 rations


   Skills:
 - Level 1.7 Dodging
 - Level 1.7 Stealth
 - Level 3.0 Spellcasting
 + Level 3.4 Conjurations
   Level 1.0 Summonings
 - Level 0.8 Translocations


You had 5 spell levels left.
You knew the following spells:

 Your Spells              Type           Power        Failure   Level  Hunger
a - Magic Dart            Conj           ###.         2%          1    None
j - Blink                 Tloc           N/A          9%          2    ##.....

Your spell library contained the following spells:

 Spells                   Type           Power        Failure   Level  Hunger
 Conjure Flame            Conj/Fire      #.......     13%         3    ###....
 Slow                     Hex            #.......     13%         2    ##.....
 Mephitic Cloud           Conj/Pois/Air  #.......     16%         3    ###....
 Call Imp                 Summ           #.......     9%          2    ##.....


Dungeon Overview and Level Annotations

Branches:
Dungeon (3/15)

Altars:


Innate Abilities, Weirdness & Mutations

A weak demonic guardian rushes to your aid.
You are partially covered in sharp spines.


Message History

You are poisoned.
You see here a poisoned needle.
* * * LOW HITPOINT WARNING * * *
You feel sick. The adder bites you.
* * * LOW HITPOINT WARNING * * *
There is a stone staircase leading down here.
* * * LOW HITPOINT WARNING * * *
You feel sick.
You see here a chain mail.
* * * LOW HITPOINT WARNING * * *
You feel sick.
The kobold shoots a poisoned needle.
The poisoned needle hits you!
You are more poisoned.
The adder is struck by your spines. The adder closely misses you.
You see here a poisoned needle.
* * * LOW HITPOINT WARNING * * *
You feel sick.
* * * LOW HITPOINT WARNING * * *
You feel sick.
You die...

####### #../......
#.....###.........
#.................
####..(.K.>......?..
#........##(.)...#
####.....(..##......#
#.......o...##()).....%
#.......S...##.........
#.....@.....########..#
#............... ..
#............... #
#.....<......###
#........(...#
#...#######..# #...
.... #### ... ..


You could see an adder, an orc and a kobold.

Vanquished Creatures
  2 adders (D:2)
  3 orcs (D:3)
  A giant cockroach (D:1)
  2 goblins
  2 hobgoblins
  3 jackals (D:1)
  3 bats
  2 frilled lizards (D:2)
  2 kobolds (D:1)
  6 rats
26 creatures vanquished.

Notes
Turn   | Place    | Note
-------+----------+-------------------------------------------
     0 | D:1      | inc the Demonspawn Wizard began the quest for the Orb.
     0 | D:1      | Reached XP level 1. HP: 13/13 MP: 4/4
   510 | D:1      | Gained mutation: A weak demonic guardian rushes to your aid. [demonic ancestry]
   510 | D:1      | Reached XP level 2. HP: 15/19 MP: 1/6
   977 | D:2      | Learned a level 2 spell: Blink
  1126 | D:2      | Gained mutation: You are partially covered in sharp spines. [demonic ancestry]
  1126 | D:2      | Reached XP level 3. HP: 23/24 MP: 1/7
  1529 | D:3      | HP: 1/24 [poisoned by a kobold]
  1530 | D:3      | Succumbed to a kobold's poison

Vault maps used:
D:1:      dpeg_arrival_line_fractal, minmay_splitting_lines, minivault_26
D:3:      kennysheep_the_goblin_king, kennysheep_okawaru_gauntlet

Skill      XL: |  1  2 |
---------------+-------+-----
Conjurations   | 2 3 |  3.4
Dodging        | |  1.7
Stealth        | |  1.7
Spellcasting   | |  3.0
Summonings     | |  1.0
Translocations | |  0.8

Action                   || total
-------------------------++-------
Melee: Short sword       ||    15
 Cast: Magic Dart        ||    51
  Use: Scroll            ||     2
  Eat: Chunk             ||     1
Armor: Robe              ||     1
       Leather armour    ||    15
Dodge: Dodged            ||    19

Table legend:
 A = Spawn XP
 B = Non-spawn XP
 C = Spawn XP percentage of total XP
 D = Spawn monster count
 E = Non-spawn monster count
 F = Spawn count percentage of total count
 G = Total turns spent on level
                    A         B        C        D         E        F      G
               +---------+---------+-------+---------+---------+-------+---------
         Total |       0 |      64 |   0.0 |       0 |      26 |   0.0 |  1530
               +---------+---------+-------+---------+---------+-------+---------
           D:1 |       0 |      19 |   0.0 |       0 |      13 |   0.0 |   944
           D:2 |       0 |      36 |   0.0 |       0 |      10 |   0.0 |   548
           D:3 |       0 |       9 |   0.0 |       0 |       3 |   0.0 |    38
               +---------+---------+-------+---------+---------+-------+---------
